 Dungeon Crawl Stone Soup version 0.21-a0-531-gacddea6 (webtiles) character file.

154 Amnesiac the Ducker (level 5, -7/32 HPs)
             Began as a Deep Elf Earth Elementalist on Dec 12, 2017.
             Killed from afar by Natasha (9 damage)
             ... with a magic dart
             ... on level 3 of the Dungeon.
             The game lasted 00:04:06 (2374 turns).

Amnesiac the Ducker (Deep Elf Earth Elementalist)   Turns: 2374, Time: 00:04:06

Health: -7/32      AC:  3    Str:  5    XL:     5   Next: 13%
Magic:  1/11       EV: 14    Int: 21    God:
Gold:   106        SH:  0    Dex: 15    Spells: 4/10 levels left

rFire    . . .     SeeInvis .   a - +0 whip (venom)
rCold    . . .     Gourm    .   (no shield)
rNeg     . . .     Faith    .   c - +0 robe
rPois    .         Spirit   .   (no helmet)
rElec    .         Reflect  .   k - +0 cloak
rCorr    .         Harm     .   (no gloves)
MR       .....                  (no boots)
Stlth    +++.......             (no amulet)
HPRegen  0.10/turn              i - ring of stealth
MPRegen  0.12/turn              (no ring)

@: very slightly contaminated
A: no striking features
a: no special abilities


You were on level 3 of the Dungeon.
You were hungry.

You visited 1 branch of the dungeon, and saw 3 of its levels.

You collected 106 gold pieces.

Inventory:

Hand Weapons
 a - a +0 whip of venom (weapon)
 b - a +2 quarterstaff of chaos
Missiles
 f - 14 poisoned needles
 l - 14 stones (quivered)
Armour
 c - a +0 robe (worn)
 k - a +0 cloak (worn)
Jewellery
 i - a ring of stealth (left hand)
Wands
 r - a wand of digging (15)
Scrolls
 h - 4 scrolls of identify {!r, unknown}
 q - 3 scrolls of fog {!r}
 t - 2 scrolls of remove curse {!r}
 u - a scroll of teleportation {!r, unknown}
 v - a scroll of blinking {!r, unknown}
 w - a scroll of enchant weapon {!r, unknown}
 x - 2 scrolls of enchant armour {!r, unknown}
Potions
 g - 3 potions of heal wounds {!q, unknown}
 j - a potion of flight {!q, unknown}
 n - a potion of haste {!q, unknown}
 o - a potion of might {!q, unknown}
 p - a potion of lignification {!q, unknown}
 s - a potion of curing {!q, unknown}
Books
 e - a book of Geomancy

   Spells                             Type                      Level
   a - Sandblast                      Earth                        1
   b - Passwall                       Transmutation/Earth          2
   c - Stone Arrow                    Conjuration/Earth            3
   d - Petrify                        Transmutation/Earth          4
   e - Lee's Rapid Deconstruction     Earth                        5
Comestibles
 d - 3 bread rations
 m - a royal jelly


   Skills:
 * Level 3.5 Fighting
 + Level 3.5 Dodging
 - Level 2.4 Stealth
 - Level 3.0 Spellcasting
 - Level 1.1 Transmutations
 - Level 3.2 Earth Magic


You had 4 spell levels left.
You knew the following spells:

 Your Spells              Type           Power        Failure   Level  Hunger
a - Sandblast             Erth           ###...       3%          1    None
b - Passwall              Tmut/Erth      ##........   9%          2    ##.....
c - Stone Arrow           Conj/Erth      ##....       21%         3    ###....


Dungeon Overview and Level Annotations

Branches:
Dungeon (3/15)

Altars:
Uskayaw

Annotations:
D:3 Natasha


Message History

Press: ? - help, Shift-Dir - straight line, f/p - Natasha
Aim: Natasha (severely wounded)
The blast of sand misses Natasha.
l - 19 stones Natasha claws you.
Casting: Sandblast
Confirm with . or Enter, or press ? or * to list all spells.
Aiming: Sandblast
Press: ? - help, Shift-Dir - straight line, f/p - Natasha
Aim: Natasha (severely wounded)
The blast of sand hits Natasha.
Natasha is severely wounded.
l - 18 stones Natasha claws you.
* * * LOW HITPOINT WARNING * * *
Casting: Sandblast
Confirm with . or Enter, or press ? or * to list all spells.
Aiming: Sandblast
Press: ? - help, Shift-Dir - straight line, f/p - Natasha
Aim: Natasha (severely wounded)
The blast of sand hits Natasha.
Natasha is severely wounded.
l - 17 stones Natasha claws you.
* * * LOW HITPOINT WARNING * * *
Casting: Sandblast
Confirm with . or Enter, or press ? or * to list all spells.
Aiming: Sandblast
Press: ? - help, Shift-Dir - straight line, f/p - Natasha
Aim: Natasha (severely wounded)
The blast of sand misses Natasha.
l - 16 stones Natasha claws you.
* * * LOW HITPOINT WARNING * * *
Casting: Sandblast
Confirm with . or Enter, or press ? or * to list all spells.
Aiming: Sandblast
Press: ? - help, Shift-Dir - straight line, f/p - Natasha
Aim: Natasha (severely wounded)
The blast of sand misses Natasha.
l - 15 stones Natasha misses you.
Casting: Sandblast
Confirm with . or Enter, or press ? or * to list all spells.
Aiming: Sandblast
Press: ? - help, Shift-Dir - straight line, f/p - Natasha
Aim: Natasha (severely wounded)
The blast of sand hits Natasha.
Natasha is almost dead.
l - 14 stones Natasha casts a spell at you.
The magic dart hits you!
* * * LOW HITPOINT WARNING * * *
Casting: Sandblast
Confirm with . or Enter, or press ? or * to list all spells.
Aiming: Stone Arrow
Press: ? - help, Shift-Dir - straight line, f/p - Natasha
Aim: Natasha (almost dead)
You miscast Stone Arrow.
You are very lightly contaminated with residual magic.
Nothing appears to happen.
Natasha stares at you and mumbles some strange words.
The magic dart hits you!
You die...

......#..#..#.##
....#
#.....##.#..#..#
#........#..#..##
#....###.#..#...#
.....#
#......#.##
######
#.#.####..#####.#
#.#.............#
#.#.#####.#####.#
#.### #@# ### #h#
..( ..... .......
........#
.........#
..........#


You could see Natasha.

Vanquished Creatures
  Crazy Yiuf (D:3)
  Jessica (D:2)
  3 gnolls (D:2)
  3 adders (D:2)
  3 worms (D:2)
  A dart slug (D:1)
  A leopard gecko (D:2)
  3 giant cockroaches (D:1)
  2 goblins (D:1)
  5 hobgoblins
  4 kobolds
  A bat (D:2)
  4 frilled lizards
  7 rats (D:1)
39 creatures vanquished.

Notes
Turn   | Place    | Note
-------+----------+-------------------------------------------
     0 | D:1      | Amnesiac the Deep Elf Earth Elementalist began the quest for the Orb.
     0 | D:1      | Reached XP level 1. HP: 10/10 MP: 6/6
   191 | D:1      | Reached skill level 1 in Fighting
   209 | D:1      | Reached XP level 2. HP: 15/16 MP: 0/8
   223 | D:1      | Learned a level 2 spell: Passwall
  1440 | D:2      | Found a hide-covered altar of Uskayaw.
  1489 | D:2      | Reached XP level 3. HP: 21/21 MP: 6/9
  1494 | D:2      | Learned a level 3 spell: Stone Arrow
  1607 | D:2      | Noticed Jessica
  1613 | D:2      | Killed Jessica
  1624 | D:2      | Reached XP level 4. HP: 27/27 MP: 3/10
  2162 | D:3      | Found a runed door.
  2166 | D:3      | Noticed Crazy Yiuf
  2197 | D:3      | Killed Crazy Yiuf
  2197 | D:3      | Reached XP level 5. HP: 32/32 MP: 1/11
  2365 | D:3      | Noticed Natasha
  2374 | D:3      | Killed from afar by Natasha

Vault maps used:
D:1:      saegor_arrival_simple_f, minmay_misc_feat_doors,
          roderic_serpentine_path
D:2:      eat_drink_and_be_merry_uskayaw, first_bread, uniq_jessica
D:3:      marbit_many_paths, nicolae_tso_swordbearing_angel, uniq_natasha,
          uniq_crazy_yiuf_cottage

Skill      XL: |  1  2  3  4 |
---------------+-------------+-----
Fighting       | 1 2 3 |  3.5
Dodging        | 3 |  3.5
Stealth        | |  2.4
Spellcasting   | |  3.0
Transmutations | |  1.1
Earth Magic    | |  3.2

Action                   |  1- 3 |  4- 6 || total
-------------------------+-------+-------++-------
Melee: Unarmed           |    31 |       ||    31
       Whip              |     2 |    37 ||    39
Throw: Tomahawk          |     7 |       ||     7
       Stone             |     1 |       ||     1
 Cast: Sandblast         |    34 |    23 ||    57
       Stone Arrow       |       |     3 ||     3
  Use: Scroll            |       |     2 ||     2
 Stab: Sleeping          |     2 |       ||     2
  Eat: Chunk             |     2 |     2 ||     4
Armor: Robe              |     5 |    17 ||    22
Dodge: Dodged            |    18 |    52 ||    70

Table legend:
 A = Spawn XP
 B = Non-spawn XP
 C = Spawn XP percentage of total XP
 D = Spawn monster count
 E = Non-spawn monster count
 F = Spawn count percentage of total count
 G = Total turns spent on level
                    A         B        C        D         E        F      G
               +---------+---------+-------+---------+---------+-------+---------
         Total |       0 |     220 |   0.0 |       0 |      39 |   0.0 |  2374
               +---------+---------+-------+---------+---------+-------+---------
           D:1 |       0 |      30 |   0.0 |       0 |      18 |   0.0 |  1388
           D:2 |       0 |     149 |   0.0 |       0 |      20 |   0.0 |   722
           D:3 |       0 |      41 |   0.0 |       0 |       1 |   0.0 |   264
               +---------+---------+-------+---------+---------+-------+---------
